 Dungeon Crawl Stone Soup version 0.22-a0-283-g1871b15 (webtiles) character file.

129918 Amnesiac the Stormcaller (level 16, -13/93 HPs)
             Began as a Tengu Air Elementalist on Mar 18, 2018.
             Was a High Priest of Sif Muna.
             Mangled by a large abomination (25 damage)
             ... on level 4 of the Abyss.
             The game lasted 01:42:58 (34170 turns).

Amnesiac the Stormcaller (Tengu Air Elementalist)  Turns: 34170, Time: 01:42:59

Health: -13/93     AC:  9    Str: 10    XL:     16   Next: 72%
Magic:  5/30       EV: 25    Int: 18    God:    Sif Muna [*****.]
Gold:   1394       SH:  7    Dex: 14    Spells: 4/47 levels left

rFire    . . .     SeeInvis .   a - staff of air
rCold    . . .     Gourm    .   i - +2 buckler
rNeg     + . .     Faith    .   w - +1 robe {MR+}
rPois    +         Spirit   .   (helmet restricted)
rElec    +         Reflect  .   A - +2 cloak
rCorr    .         Harm     .   E - +2 pair of gloves
MR       ++...     Rnd*Rage +   (boots unavailable)
Stlth    +.........             C - macabre finger necklace {rN+}
HPRegen  0.25/turn              P - ring of poison resistance
MPRegen  0.22/turn              T - +3 ring of evasion
                                M - ring of wizardry

@: flying quickly and evasively, contaminated, hasted, glowing, divine energy,
very quick
A: beak, talons 3, berserk 1, [dopey 2], [low mp 2], [MP-powered wands], able to
fly 2
}: 1/15 runes: abyssal
a: Stop Flying, Stop Divine Energy, Channel Magic, Forget Spell, Renounce
Religion


You were on level 4 of the Abyss.
You worshipped Sif Muna.
Sif Muna was extremely pleased with you.
You were not hungry.

You visited 5 branches of the dungeon, and saw 23 of its levels.
You visited the Abyss 1 time.
You also visited: Labyrinth and Volcano.

You collected 2960 gold pieces.
You spent 1566 gold pieces at shops.

Inventory:

Armour
 i - a +2 buckler (worn)
 w - a +1 robe of magic resistance (worn)
 A - a +2 cloak (worn)
 E - a +2 pair of gloves (worn)
Magical Staves
 a - an uncursed staff of air (weapon)
 b - an uncursed staff of conjuration
Jewellery
 m - an uncursed ring of protection from cold
 y - an uncursed ring of protection from magic
 C - the macabre finger necklace (around neck) {rN+}
   (You bought it in a shop on level 2 of the Orcish Mines)

   [amulet of nothing]

   It protects you from negative energy.
 M - a ring of wizardry (on amulet)
 P - a ring of poison resistance (left hand)
 T - a +3 ring of evasion (right hand)
Wands
 f - a wand of polymorph (10)
 r - a wand of enslavement (22)
 s - a wand of acid (26)
 v - a wand of iceblast (7)
 x - a wand of random effects (33)
 F - a wand of digging (8)
 H - a wand of paralysis (52)
 J - a wand of disintegration (10)
 K - a wand of flame (71)
 O - a wand of clouds (6)
Scrolls
 d - 2 scrolls of fog {!r}
 h - 2 scrolls of teleportation {!r}
 j - 4 scrolls of remove curse {!r}
 o - 2 scrolls of vulnerability {!r}
 t - 11 scrolls of identify {!r}
 u - a scroll of amnesia {!r}
 B - a scroll of magic mapping {!r}
 D - 3 scrolls of enchant armour {!r}
Potions
 g - 5 potions of might {!q}
 k - a potion of brilliance {!q}
 n - 2 potions of flight {!q}
 q - 2 potions of resistance {!q}
 G - 2 potions of berserk rage {!q}
 I - 3 potions of lignification {!q}
Miscellaneous
 p - 2 boxes of beasts
Comestibles
 c - 18 rations


   Skills:
 - Level 8.0 Fighting
 - Level 9.0 Dodging
 - Level 2.0 Stealth
 - Level 4.0 Shields
 * Level 16.2 Spellcasting
 + Level 16.2 Conjurations
 + Level 16.3 Air Magic
 - Level 8.0 Invocations


You had 4 spell levels left.
You knew the following spells:

 Your Spells              Type           Power        Failure   Level  Hunger
a - Airstrike             Air            #######...   1%          4    None
b - Passwall              Tmut/Erth      ##........   2%          2    None
c - Static Discharge      Conj/Air       #######.     0%          3    None
d - Shock                 Conj/Air       ####         0%          1    None
e - Orb of Destruction    Conj           ######....   1%          7    ######.
f - Swiftness             Chrm/Air       ######..     1%          2    None
g - Apportation           Tloc           ##....       1%          1    None
h - Summon Butterflies    Summ           ##......     1%          1    None
i - Lightning Bolt        Conj/Air       #######...   1%          5    ###....
j - Force Lance           Conj/Tloc      #####...     1%          4    None
q - Chain Lightning       Conj/Air       #######...   13%         8    #######
w - Irradiate             Conj/Tmut      #####.....   1%          5    ###....


Dungeon Overview and Level Annotations

Branches:
Dungeon (12/15)            Temple (1/1) D:6            Lair (6/6) D:9
 Shoals (0/4) Lair:3       Spider (0/4) Lair:3        Slime (0/5) Lair:5
    Orc (2/2) D:12            Elf (2/3) Orc:2

Altars:
Ashenzari
Dithmenos
Elyvilon
Fedhas
Gozag
Kikubaaqudgha
Makhleb
Nemelex Xobeh
Qazlal
Ru
Sif Muna
Trog
Uskayaw
Vehumet
Wu Jian
Yredelemnul
Zin

Shops:
D:6 (   D:9 *:%}[   Orc:2 (=?[   Elf:1 ?


Innate Abilities, Weirdness & Mutations

You have a beak for a mouth.
You have claws for feet.
You can fly continuously.
You tend to lose your temper in combat.
[You are very dopey. (Int -4)]
[Your magical capacity is very low. (-20% MP)]
[You expend magic power (3 MP) to strengthen your wands.]


Message History

Confirm with . or Enter, or press ? or * to list all spells.
You feel a surge of power!
You hear a mighty clap of thunder!
The lightning arc hits something.
The lightning arc hits you! You resist.
* * * LOW HITPOINT WARNING * * *
The lightning arc hits the large abomination.
The large abomination is heavily damaged.
The lightning arc hits the balrug.
The balrug is lightly wounded.
The lightning arc hits the large abomination.
The large abomination is heavily damaged.
The lightning arc hits something.
You hear a shout!
The large abomination closely misses you.
Something barely misses you.
Evoke which item? (* to show all) (? for menu, Esc to quit)
You don't have any such object.
Evoke which item? (* to show all) (? for menu, Esc to quit)
Okay, then.
Evoke which item? (* to show all) (? for menu, Esc to quit)
Aiming: Corrosive Bolt
Press: ? - help, Shift-Dir - straight line, f - you That beam is likely to hit you.
Continue anyway?
Okay, then.
Unknown command.
Evoke which item? (* to show all) (? for menu, Esc to quit)
Aiming: Corrosive Bolt
Press: ? - help, Shift-Dir - straight line The bolt of acid hits the lich.
The lich is splashed with acid.
The lich is lightly damaged.
The lich casts a spell.
The lich flickers and vanishes!
Deactivating autopickup; reactivate with Ctrl-A.
You block the large abomination's attack.
Evoke which item? (* to show all) (? for menu, Esc to quit)
Aiming: Corrosive Bolt
Press: ? - help, Shift-Dir - straight line The bolt of acid hits something.
The balrug gestures at you. Something smites you!
* * * LOW HITPOINT WARNING * * *
Something barely misses you. The large abomination misses you.
Casting: Chain Lightning (slightly dangerous; 13% risk of failure)
Confirm with . or Enter, or press ? or * to list all spells.
Okay, then.
Evoke which item? (* to show all) (? for menu, Esc to quit)
Okay, then.
Evoke which item? (* to show all) (? for menu, Esc to quit)
Okay, then.
Okay, then.
Okay, then.
Casting: Chain Lightning (slightly dangerous; 13% risk of failure)
Confirm with . or Enter, or press ? or * to list all spells.
You feel a surge of power!
You hear a mighty clap of thunder!
The lightning arc hits the Hell Sentinel.
The Hell Sentinel completely resists.
The lightning arc hits something. x2
The lightning arc hits the Hell Sentinel.
The Hell Sentinel completely resists.
The lightning arc hits something.
The lightning arc hits the Hell Sentinel.
The Hell Sentinel completely resists.
The lightning arc hits something.
You hear an angry hiss.
The large abomination hits you!!
You die...

.### # #.##.#
#.#. ##.#.#
?§.. #.##.# #.
##.#.#.#..#≈#.
.. ..#
..#.#..#≈#.
..##..
#.#{.x∩≈≈#. .
....#.#1#Y.#
.. ..
#.X#@#..# . ..
.###X#X##.# .
X #.##.##2# #
#.X## X#x## #.
#X. # X...###
# #.#.X.#####
.#.#. ##. .# #
.X### .x#.#.
#. . .#.#
.##........


You could see 3 starcursed masses, a Hell Sentinel, a balrug, 2 ancient zymes, a
large abomination and a sky beast.

Vanquished Creatures
  Rupert (Lair:3)
  Donald (Elf:1)
  A deep elf demonologist (Elf:1)
  A lorocyproca (Abyss:4)
  A dire elephant (Lair:6)
  A minotaur (Lab)
  A deep elf death mage (Elf:2)
  2 ogre magi
  Josephine (Orc:2)
  A deep elf high priest (Orc:2)
  7 hydras
  Erolcha (Orc:2)
  A merfolk avatar (Lair:6)
  A catoblepas (Lair:6)
  Erica (D:10)
  13 two-headed ogres
  A centaur warrior (D:10)
  3 death yaks (Lair:6)
  6 dancing weapons (Elf:1)
  A thrashing horror (Abyss:4)
  A large abomination (Abyss:4)
  An orc high priest (Elf:1)
  Urug (Lair:5)
  Sonja (Lair:4)
  9 deep elf knights
  A hell knight (Volcano)
  A fire crab (shapeshifter) (Elf:1)
  A wretched star (Abyss:4)
  An unseen horror (D:11)
  A sea snake (Lair:6)
  A glowing orange brain (Abyss:4)
  6 deep elf archers
  A lindwurm (Orc:1)
  27 deep elf magi
  Pikel (D:5)
  3 harpies
  A cyclops (D:10)
  2 orc knights
  An oklob plant (Lair:2)
  A worldbinder (Abyss:4)
  2 orc sorcerers
  2 manticores
  2 ugly things
  14 elephants
  Maurice (Orc:2)
  5 black mambas
  2 gargoyles
  15 rime drakes
  12 spiny frogs
  A centaur skeleton (D:12)
  9 komodo dragons
  5 trolls
  2 meliai (Abyss:4)
  8 polar bears
  2 hornets
  13 blink frogs (Lair:4)
  3 slime creatures (Lair:5)
  15 hippogriffs
  Sigmund (D:2)
  3 air elementals (Elf:1)
  10 wyverns
  A spriggan (D:12)
  2 redbacks (Lab)
  21 yaks
  2 water elementals (Elf:1)
  3 shadows
  Eustachio (D:3)
  2 chaos spawn (Abyss:4)
  2 fire elementals (Elf:1)
  4 wraiths (Orc:2)
  8 fire bats (Volcano)
  4 basilisks
  A neqoxec (Abyss:4)
  7 steam dragons (Lair:3)
  2 small abominations (Abyss:4)
  A warg (Orc:2)
  An acid dragon (Lair:3)
  A soldier ant (D:12)
  12 water moccasins
  33 orc warriors
  8 porcupines
  5 ice beasts
  3 sky beasts
  A slave (D:3)
  A phantom (D:12)
  16 ogres
  7 wolves
  11 centaurs
  12 crocodiles
  A big kobold (D:7)
  22 bullfrogs
  A gnoll sergeant (D:12)
  8 scorpions
  A water moccasin skeleton (D:5)
  5 killer bees
  7 howler monkeys
  6 crimson imps
  6 lava snakes (Volcano)
  3 centaur zombies
  A jelly (Lair:5)
  2 quasits
  2 bullfrog zombies
  8 hounds
  Crazy Yiuf (D:2)
  5 bullfrog skeletons
  9 orc priests
  18 orc wizards
  Jessica (D:3)
  3 iguanas
  8 worker ants
  A hound zombie (D:5)
  2 hound skeletons
  A howler monkey zombie (D:8)
  A worker ant zombie (D:9)
  Robin (D:2)
  15 adders
  A howler monkey skeleton (D:9)
  6 shadow imps
  An ooze (D:1)
  An adder zombie (D:9)
  An adder skeleton (D:4)
  4 worms
  A dart slug (D:1)
  5 leopard geckos
  72 orcs
  2 ball pythons
  9 giant cockroaches
  2 gnoll zombies (D:2)
  16 goblins
  12 hobgoblins
  4 jackals
  4 quokkas
  3 bats
  7 frilled lizards
  6 kobolds
  A leopard gecko skeleton (D:6)
  A leopard gecko zombie (D:6)
  A quokka zombie (D:6)
  2 rats
  2 fungi
  2 plants
712 creatures vanquished.

Vanquished Creatures (others)
  Fannar (D:10)
  A deep elf mage (Orc:1)
  A rime drake (Lair:1)
  4 orc warriors (Orc:2)
  3 centaurs (Orc:2)
  A hound (D:12)
  34 fungi
  35 plants
  2 starspawn tentacles (Abyss:4)
82 creatures vanquished.

Grand Total: 794 creatures vanquished

Notes
Turn   | Place    | Note
-------+----------+-------------------------------------------
     0 | D:1      | Amnesiac the Tengu Air Elementalist began the quest for the Orb.
     0 | D:1      | Reached XP level 1. HP: 10/10 MP: 4/4
    94 | D:1      | Reached skill level 1 in Fighting
   150 | D:1      | Reached XP level 2. HP: 17/17 MP: 0/6
   702 | D:2      | Reached XP level 3. HP: 21/21 MP: 0/7
   707 | D:2      | Learned a level 3 spell: Static Discharge
   765 | D:2      | Found a shadowy altar of Dithmenos.
   947 | D:2      | You fall through a shaft!
  1217 | D:3      | Reached XP level 4. HP: 22/27 MP: 5/8
  1666 | D:2      | Noticed Sigmund
  1910 | D:2      | Found a basalt altar of Yredelemnul.
  2081 | D:2      | Found a runed door.
  2451 | D:3      | Noticed Jessica
  2455 | D:3      | Killed Jessica
  2455 | D:3      | Gained mutation: You can fly. [Tengu growth]
  2455 | D:3      | Reached XP level 5. HP: 30/32 MP: 4/9
  2662 | D:3      | Noticed Robin
  2810 | D:2      | Killed Robin
  2952 | D:4      | Noticed Eustachio
  3396 | D:4      | Found a transporter.
  3416 | D:4      | Found a transporter.
  3513 | D:3      | Learned a level 4 spell: Airstrike
  3529 | D:4      | Reached skill level 5 in Air Magic
  3529 | D:4      | Reached XP level 6. HP: 38/38 MP: 3/10
  3608 | D:3      | Killed Eustachio
  4111 | D:4      | Reached skill level 5 in Dodging
  4159 | D:4      | Reached XP level 7. HP: 40/44 MP: 11/11
  4214 | D:5      | Entered Level 5 of the Dungeon
  4322 | D:5      | Reached skill level 5 in Fighting
  4802 | D:5      | Found a blossoming altar of Fedhas.
  4900 | D:5      | Noticed Pikel
  4930 | D:5      | Killed Pikel
  4930 | D:5      | Reached XP level 8. HP: 35/52 MP: 2/12
  5128 | D:6      | Found a staircase to the Ecumenical Temple.
  5137 | Temple   | Entered the Ecumenical Temple
  5179 | Temple   | Became a worshipper of Sif Muna the Loreminder
  5589 | D:6      | Reached skill level 5 in Conjurations
  5772 | D:6      | Reached * piety under Sif Muna
  5772 | D:6      | Reached XP level 9. HP: 54/56 MP: 0/14
  6065 | D:6      | Found Poext's Antique Weapon Emporium.
  6327 | D:7      | Learned a level 2 spell: Passwall
  6810 | D:7      | Reached ** piety under Sif Muna
  6998 | D:7      | Found a glowing silver altar of Zin.
  6998 | D:7      | Noticed an ogre mage
  6999 | D:7      | Found a transporter.
  6999 | D:7      | Noticed a two-headed ogre
  7001 | D:7      | Noticed a brown ugly thing
  7093 | D:7      | Found a transporter.
  7313 | D:7      | Noticed a hornet
  7318 | D:7      | Paralysed by a hornet for 2 turns
  7323 | D:7      | Killed a hornet
  7328 | D:7      | Reached skill level 5 in Spellcasting
  7434 | D:7      | Reached skill level 10 in Conjurations
  7965 | D:8      | Noticed a two-headed ogre
  8110 | D:7      | Killed a two-headed ogre
  8110 | D:7      | Reached *** piety under Sif Muna
  8110 | D:7      | Reached XP level 10. HP: 61/61 MP: 0/19
  8582 | D:8      | Found a shattered altar of Ashenzari.
  8696 | D:8      | Noticed a two-headed ogre
  8766 | D:8      | Killed a two-headed ogre
  9089 | D:8      | Learned a level 7 spell: Orb of Destruction
  9092 | D:8      | Learned a level 2 spell: Swiftness
  9197 | D:8      | You fall through a shaft for 2 floors!
  9197 | D:10     | Entered Level 10 of the Dungeon
  9223 | D:10     | Noticed a centaur warrior
  9393 | D:9      | Found Raczuis's Gadget Shoppe.
  9474 | D:9      | Noticed a two-headed ogre
  9502 | D:9      | Killed a two-headed ogre
  9637 | D:9      | Found Zeharus's Food Shop.
  9703 | D:9      | Found a sacrificial altar of Ru.
  9751 | D:9      | Noticed a two-headed ogre
  9755 | D:9      | Reached **** piety under Sif Muna
  9760 | D:9      | Killed a two-headed ogre
  9760 | D:9      | Reached XP level 11. HP: 50/66 MP: 2/22
  9831 | D:9      | Found Topnias's Book Emporium.
 10251 | D:9      | Found a staircase to the Lair.
 10485 | D:9      | Found Yrphaext's General Store.
 10488 | D:9      | Bought a potion of berserk rage for 60 gold pieces
 10488 | D:9      | Bought a wand of paralysis (5) for 84 gold pieces
 10719 | D:9      | Found Movin's Antique Armour Boutique.
 10725 | D:9      | Bought a smelly ring mail for 297 gold pieces
 10735 | D:9      | Identified the +4 ring mail of the Swamp {+Fly} (You bought it in a shop on level 9 of the Dungeon)
 10891 | D:10     | Killed a centaur warrior
 10962 | D:10     | Noticed a cyclops
 10965 | D:10     | Killed a cyclops
 11083 | D:10     | Reached skill level 1 in Invocations
 11284 | D:10     | Noticed Erica
 11369 | D:10     | Learned a level 5 spell: Lightning Bolt
 11378 | D:10     | Killed Erica
 12107 | D:11     | Noticed a manticore
 12115 | D:11     | Killed a manticore
 12115 | D:11     | Reached skill level 5 in Invocations
 12766 | D:11     | Found a radiant altar of Vehumet.
 12771 | D:11     | Reached XP level 12. HP: 71/71 MP: 6/25
 13025 | Lair:1   | Entered Level 1 of the Lair of Beasts
 13083 | Lair:1   | Identified a scroll of acquirement {!r}
 14512 | Lair:2   | Reached ***** piety under Sif Muna
 14512 | Lair:2   | Identified Sif Muna's Incunabulum of the Hurtful Oath (Sif Muna gifted it to you on level 2 of the Lair of Beasts)
 14512 | Lair:2   | Received a gift from Sif Muna
 14564 | Lair:2   | Noticed a four-headed hydra
 14574 | Lair:2   | Killed a four-headed hydra
 15761 | Lair:3   | Noticed Rupert
 16055 | Lair:3   | Found a staircase to the Shoals.
 16094 | Lair:3   | Reached skill level 10 in Spellcasting
 16123 | Lair:3   | Found a hole to the Spider Nest.
 16262 | Lair:3   | Killed Rupert
 16858 | Lair:3   | Reached XP level 13. HP: 76/76 MP: 11/29
 17441 | Lair:4   | Identified Weaddij's Reference Book on Changing and Conjuration (Sif Muna gifted it to you on level 4 of the Lair of Beasts)
 17441 | Lair:4   | Received a gift from Sif Muna
 17487 | Lair:4   | Learned a level 1 spell: Summon Butterflies
 17547 | Lair:3   | Learned a level 5 spell: Irradiate
 17734 | Lair:4   | Found a labyrinth entrance.
 17750 | Lab      | Entered a labyrinth
 18091 | Lab      | Noticed a minotaur
 18095 | Lab      | Killed a minotaur
 18577 | Lair:4   | Noticed Sonja
 18579 | Lair:4   | Killed Sonja
 20405 | Lair:5   | Gained mutation: You can fly continuously. [Tengu growth]
 20405 | Lair:5   | Reached XP level 14. HP: 60/80 MP: 0/33
 21160 | Lair:5   | Found a staircase to the Slime Pits.
 21217 | Lair:5   | Got a steaming dagger
 21384 | Lair:5   | Noticed Urug
 21387 | Lair:5   | Killed Urug
 21694 | Lair:6   | Entered Level 6 of the Lair of Beasts
 21698 | Lair:6   | Identified Sif Muna's Guide on Curses (Sif Muna gifted it to you on level 6 of the Lair of Beasts)
 21698 | Lair:6   | Received a gift from Sif Muna
 21891 | Lair:6   | Reached skill level 15 in Spellcasting
 21891 | Lair:6   | Reached skill level 15 in Conjurations
 22334 | Lair:6   | Noticed a dire elephant
 22415 | Lair:6   | Killed a dire elephant
 23298 | Lair:6   | Received a gift from Sif Muna
 23922 | Lair:6   | Got a steaming spear
 24201 | D:7      | Reached XP level 15. HP: 85/85 MP: 24/36
 24211 | D:7      | Learned a level 8 spell: Chain Lightning
 24435 | D:2      | Noticed Crazy Yiuf
 24437 | D:2      | Killed Crazy Yiuf
 24533 | D:2      | Killed Sigmund
 24682 | D:10     | Noticed Fannar
 24686 | D:10     | Killed Fannar
 25149 | D:12     | Identified the +6 dagger of the Hills {pierce, rElec} (You found it on level 5 of the Lair of Beasts)
 25151 | D:12     | Identified the +6 spear "Ryxevats" {distort, rC++ Str+4} (You found it on level 6 of the Lair of Beasts)
 25406 | D:12     | Found a white marble altar of Elyvilon.
 26076 | D:12     | Found a staircase to the Orcish Mines.
 27114 | Orc:1    | Entered Level 1 of the Orcish Mines
 27260 | Orc:1    | Reached skill level 10 in Air Magic
 27395 | Orc:1    | Identified Sif Muna's Almanac of Conjuration (Sif Muna gifted it to you on level 1 of the Orcish Mines)
 27395 | Orc:1    | Received a gift from Sif Muna
 27626 | Orc:1    | Found a dark tunnel.
 27636 | Volcano  | Entered a volcano
 28149 | Volcano  | Found a burning altar of Makhleb.
 28408 | Orc:2    | Entered Level 2 of the Orcish Mines
 28408 | Orc:2    | Noticed Maurice
 28408 | Orc:2    | Noticed Josephine
 28413 | Orc:2    | Killed Josephine
 28423 | Orc:2    | Killed Maurice
 28948 | Orc:2    | Found a staircase to the Elven Halls.
 29820 | Orc:2    | Identified Sif Muna's Guide on Lethal Weightlessness (Sif Muna gifted it to you on level 2 of the Orcish Mines)
 29820 | Orc:2    | Received a gift from Sif Muna
 29833 | Orc:2    | Noticed Erolcha
 29850 | Orc:2    | Killed Erolcha
 30660 | Orc:2    | Found Owujih's Armour Boutique.
 30661 | Orc:2    | Found Hoebu's Jewellery Emporium.
 30661 | Orc:2    | Found Warch's Magic Scroll Shop.
 30668 | Orc:2    | Found Qiovvat's Weapon Shoppe.
 30673 | Orc:2    | Bought a scroll of silence for 75 gold pieces
 30839 | Elf:1    | Entered Level 1 of the Elven Halls
 30844 | Elf:1    | Found Lohar's Magic Scroll Shoppe.
 30901 | Elf:1    | Noticed a balrug
 30903 | Elf:1    | Noticed a balrug
 30903 | Orc:2    | HP: 3/85 [burnt (10)]
 31227 | Elf:1    | Reached XP level 16. HP: 77/90 MP: 26/37
 31227 | Elf:1    | Reached skill level 15 in Air Magic
 31654 | Orc:2    | Bought the macabre finger necklace {rN+} for 600 gold pieces
 31654 | Orc:2    | Found the macabre finger necklace {rN+}
 31654 | Orc:2    | Bought an uncursed ring of wizardry for 450 gold pieces
 33173 | Elf:1    | Noticed Donald
 33178 | Elf:1    | Killed Donald
 33836 | Elf:2    | Cast into level 4 of the Abyss (long sword of distortion)
 33865 | Abyss:4  | Learned a level 1 spell: Apportation
 33870 | Abyss:4  | Learned a level 4 spell: Force Lance
 33910 | Abyss:4  | Noticed a bone dragon
 33941 | Abyss:4  | HP: 2/93 [smoke demon/divine providence (12)]
 33943 | Abyss:4  | Noticed a tentacled starspawn
 34060 | Abyss:4  | HP: 1/93 [large abomination (32)]
 34061 | Abyss:4  | Got an abyssal rune of Zot
 34083 | Abyss:4  | Gained mutation: You tend to lose your temper in combat. [mutagenic glow]
 34085 | Abyss:4  | Found a corrupted altar of Lugonu.
 34157 | Abyss:4  | Noticed a lich
 34163 | Abyss:4  | Noticed a Hell Sentinel
 34170 | Abyss:4  | Mangled by a large abomination

Vault maps used:
D:1:      lightli_arrival_flooded_house
D:2:      overflow_temple_1_default, lemuel_zombie_altar_yredelemnul,
          uniq_crazy_yiuf_cottage, uniq_sigmund
D:3:      uniq_jessica, uniq_robin
D:4:      gammafunk_wand_slinger, first_ration, uniq_eustachio
D:5:      old_standard_altar, corexii_leaking_fountain, uniq_pikel
D:6:      minmay_temple_entry_trees, serial_shops, shop_statue
D:7:      gammafunk_temple_overflow_arena, st_stairs_8
D:8:      nicolae_ashenzari_panopticon
D:9:      nicolae_ru_great_annihilating_truth, nicolae_overflow_hidden_temple,
          grunt_lair_entry_orc_guard_hut, serial_shops, nicolae_shop_stone,
          shop, shop, nicolae_shop_behind_doors, shop
D:10:     uniq_fannar, uniq_erica
D:11:     basic_altar
D:12:     kennysheep_room_grid, david_orc_2, basic_altar, the_bakery
Temple:   eino_temple_rhombus
Lair:1:   ldierk_geyser
Lair:2:   cheibrodos_lair_lostbears, minmay_lair_oklob_chamber,
          lemuel_fruit_tree
Lair:3:   shoals_dummy_entry, nicolae_spider_entry_non_spiders,
          bobbens_dragon_lair_wall, grunt_megastairs_1, uniq_rupert
Lair:4:   lab_entry_generic, special_room, hangedman_lair_unloving_vines,
          grunt_megastairs_2, uniq_sonja
Lair:5:   minmay_slime_entry_pillars, serial_bayou_shore_b, uniq_urug
Lair:6:   gammafunk_lair_ancient_temple
Orc:1:    nicolae_volcano_entry_vermiform, elves_outpost_lemuel
Orc:2:    st_orc_rangers, uniq_maurice, uniq_josephine, uniq_erolcha
Elf:1:    serial_shops, shop, minivault_28, st_stairs_13, minivault_20,
          uniq_donald
Elf:2:    portal_desolation_entry_twin_temple, nicolae_trove_entry_path_of_doom,
          hangedman_glass_teeth, uniq_agnes
Abyss:4:  due_evilmike_abyss_rune_seething_liches, bh_abyss_exit_spiral
Lab:      labyrinth_watery, nicolae_lab_dead_end
Volcano:  volcano_grotto

Skill      XL: |  1  2  3  4  5  6  7  8  9 10 11 12 13 14 15 16 |
---------------+-------------------------------------------------+-----
Fighting       | 1 2 3 4 6 8 |  8.0
Dodging        | 3 4 5 7 9 |  9.0
Air Magic      | 5 14 16 | 16.3
Conjurations   | 6 11 13 14 16 | 16.2
Spellcasting   | 5 7 8 11 14 16 | 16.2
Shields        | 4 |  4.0
Invocations    | 6 8 |  8.0
Stealth        | |  2.0

Action                   |  1- 3 |  4- 6 |  7- 9 | 10-12 | 13-15 | 16-18 || total
-------------------------+-------+-------+-------+-------+-------+-------++-------
Melee: Unarmed           |     7 |    14 |       |       |       |       ||    21
       Kick              |     3 |     6 |    41 |    41 |    15 |       ||   106
       Peck              |     2 |     7 |    24 |    20 |     6 |       ||    59
       Dagger            |       |    19 |       |       |       |       ||    19
       Battleaxe         |       |       |   200 |   136 |       |       ||   336
       Staff             |       |       |       |    34 |    35 |       ||    69
       Spear             |       |       |       |       |     3 |       ||     3
 Fire: Blowgun           |       |       |       |     3 |       |       ||     3
 Cast: Shock             |    66 |   121 |    54 |    35 |     1 |       ||   277
       Static Discharge  |       |     4 |    35 |    26 |     4 |     9 ||    78
       Airstrike         |       |       |    32 |    91 |   352 |    71 ||   546
       Orb of Destructio |       |       |       |    75 |   174 |    11 ||   260
       Lightning Bolt    |       |       |       |     4 |    12 |     1 ||    17
       Passwall          |       |       |       |     2 |     5 |     1 ||     8
       Irradiate         |       |       |       |       |    32 |    17 ||    49
       Chain Lightning   |       |       |       |       |     2 |    16 ||    18
       Apportation       |       |       |       |       |       |     2 ||     2
Invok: Divine Energy     |       |       |     1 |       |       |       ||     1
       Channel Magic     |       |       |       |       |     7 |     7 ||    14
 Abil: Fly               |       |       |     6 |    10 |     6 |       ||    22
Evoke: Wand              |       |    14 |     8 |     5 |     6 |     2 ||    35
  Use: Scroll            |       |    15 |       |    13 |     6 |     4 ||    38
       Potion            |       |     1 |     3 |     3 |     7 |    13 ||    27
 Stab: Sleeping          |       |       |     3 |       |       |       ||     3
       Paralysed         |       |       |       |     1 |       |       ||     1
  Eat: Chunk             |     2 |     8 |    19 |    73 |    99 |    13 ||   214
       Ration            |       |     1 |     2 |     5 |    10 |     4 ||    22
Armor: Robe              |       |    25 |    70 |    59 |     3 |     8 ||   165
       Skin              |       |    10 |    28 |       |       |       ||    38
       Steam dragon scal |       |       |       |       |   107 |       ||   107
Dodge: Dodged            |    15 |    74 |   272 |   244 |   346 |    80 ||  1031
Block: Buckler           |       |       |       |     8 |   174 |    27 ||   209
       Reflection        |       |       |       |       |    28 |       ||    28

Table legend:
 A = Spawn XP
 B = Non-spawn XP
 C = Spawn XP percentage of total XP
 D = Spawn monster count
 E = Non-spawn monster count
 F = Spawn count percentage of total count
 G = Total turns spent on level
                    A         B        C        D         E        F      G
               +---------+---------+-------+---------+---------+-------+---------
         Total |    2043 |  164984 |   1.2 |       5 |     712 |   0.7 | 34170
               +---------+---------+-------+---------+---------+-------+---------
           D:1 |       0 |      25 |   0.0 |       0 |      12 |   0.0 |   734
           D:2 |       0 |     337 |   0.0 |       0 |      22 |   0.0 |  1170
           D:3 |       0 |     341 |   0.0 |       0 |      31 |   0.0 |  1697
           D:4 |       0 |     247 |   0.0 |       0 |      16 |   0.0 |  1057
           D:5 |       0 |    1030 |   0.0 |       0 |      15 |   0.0 |   682
           D:6 |       0 |    1173 |   0.0 |       0 |      31 |   0.0 |  1254
           D:7 |       0 |    5132 |   0.0 |       0 |      41 |   0.0 |  1932
           D:8 |       0 |    1483 |   0.0 |       0 |      14 |   0.0 |  1100
           D:9 |       0 |    4389 |   0.0 |       0 |      43 |   0.0 |  1619
          D:10 |       0 |    6054 |   0.0 |       0 |      33 |   0.0 |  1387
          D:11 |       0 |    4373 |   0.0 |       0 |      25 |   0.0 |  1459
          D:12 |       0 |    6724 |   0.0 |       0 |      34 |   0.0 |  1853
        Lair:1 |       0 |    1980 |   0.0 |       0 |      10 |   0.0 |  1289
        Lair:2 |       0 |    5234 |   0.0 |       0 |      18 |   0.0 |  1476
        Lair:3 |       0 |    8945 |   0.0 |       0 |      34 |   0.0 |  1752
        Lair:4 |       0 |   15105 |   0.0 |       0 |      51 |   0.0 |  2371
        Lair:5 |       0 |   11186 |   0.0 |       0 |      33 |   0.0 |  2053
        Lair:6 |       0 |   21593 |   0.0 |       0 |      50 |   0.0 |  1814
         Orc:1 |       0 |    8701 |   0.0 |       0 |      38 |   0.0 |   715
         Orc:2 |       0 |   13786 |   0.0 |       0 |      71 |   0.0 |  3576
         Elf:1 |       0 |   27356 |   0.0 |       0 |      46 |   0.0 |  1709
         Elf:2 |       0 |    4936 |   0.0 |       0 |       7 |   0.0 |    13
       Abyss:4 |    2043 |    4684 |  30.4 |       5 |      12 |  29.4 |   334
           Lab |       0 |    1572 |   0.0 |       0 |       3 |   0.0 |   356
       Volcano |       0 |    8598 |   0.0 |       0 |      22 |   0.0 |   709
               +---------+---------+-------+---------+---------+-------+---------
